 Dungeon Crawl Stone Soup version 0.21-a0-372-gd0ff781 (webtiles) character file.

17205 RKaid the Summoner (level 12, -10/54 HPs)
             Began as a Felid Summoner on Oct 5, 2017.
             Was a High Priest of Yredelemnul.
             Mangled by a hornet (18 damage)
             ... while paralysed by a hornet
             ... on level 6 of the Lair of Beasts on Oct 17, 2017.
             The game lasted 02:50:25 (29755 turns).

RKaid the Summoner (Felid Summoner)                Turns: 29755, Time: 02:50:25

Health: -10/54     AC:  3    Str:  4    XL:     12   Next: 16%
Magic:  23/23      EV:  4    Int: 22    God:    Yredelemnul [*****.]
Gold:   937        SH:  0    Dex: 21    Spells: 8/25 levels left
                                        Lives:  0   Deaths: 3

rFire    + . .     SeeInvis +     - Unarmed
rCold    + . .     Gourm    .   (shield unavailable)
rNeg     . . .     Faith    .   (armour unavailable)
rPois    .         Spirit   .   (helmet unavailable)
rElec    .         Reflect  .   (cloak unavailable)
rCorr    .         Harm     .   (gloves unavailable)
MR       +....                  (boots unavailable)
Stlth    +++++.....             L - amulet of rage {+Rage}
HPRegen  0.18/turn              M - ring of protection from fire {rF+}
MPRegen  0.18/turn              I - +5 ring of dexterity

@: paralysed, lethally poisoned (-10 -> -35), slowed, quick
A: no armour, no weapons or thrown items, stealth, claws 1, fangs 3, see
invisible, carnivore 3, speed 1, shaggy fur 3, slow metabolism 1, sharp paws
a: Recall Undead Slaves, Injury Mirror, Animate Dead, Drain Life, Enslave Soul,
Renounce Religion, Evoke Berserk Rage


You were on level 6 of the Lair of Beasts.
You worshipped Yredelemnul.
Yredelemnul was extremely pleased with you.
You were very full.

You visited 3 branches of the dungeon, and saw 18 of its levels.
You also visited: Sewer and Bailey.

You collected 967 gold pieces.
You spent 30 gold pieces at shops.

Inventory:

Missiles
 B - 162 arrows
Jewellery
 h - an uncursed ring of resist corrosion
   (You found it on level 1 of the Dungeon)
 m - a +3 amulet of reflection
   (You found it on level 5 of the Dungeon)
 p - an uncursed ring of fire {rF+, rC-}
   (You found it on level 5 of the Lair of Beasts)
 I - a +5 ring of dexterity (right paw)
   (You found it on level 2 of the Lair of Beasts)
 L - an amulet of rage (around neck) {+Rage}
   (You found it on level 6 of the Lair of Beasts)
 M - a ring of protection from fire (left paw) {rF+}
   (You found it on level 3 of the Lair of Beasts)
Wands
 e - a wand of enslavement (10/24)
   (You found it on level 1 of the Lair of Beasts)
 l - a wand of polymorph (19/24)
   (You found it on level 2 of the Dungeon)
 r - a wand of iceblast (6/15)
   (You found it on level 1 of the Lair of Beasts)
 t - a wand of flame (27/48)
   (You found it on level 4 of the Dungeon)
 y - a wand of random effects (15/48)
   (You found it on level 6 of the Dungeon)
 A - a wand of acid (4/15)
   (You found it on level 8 of the Dungeon)
 H - a wand of disintegration (12/24)
   (You found it on level 8 of the Dungeon)
Scrolls
 c - 11 scrolls of teleportation
 g - a scroll of amnesia
 i - 2 scrolls of identify
 k - a scroll of summoning
 o - 2 scrolls of remove curse
 u - 3 scrolls of fog
 G - 3 scrolls of recharging
 N - a scroll of blinking {!r}
Potions
 d - 3 potions of mutation {!q!q}
 j - 2 potions of magic
 n - 2 potions of brilliance
 s - 3 potions of resistance
 v - a potion of might
 w - 4 potions of heal wounds
 x - a potion of haste
 E - 4 potions of flight
 J - 2 potions of curing
Books
 a - a book of Callings
 q - a book of Necromancy
   (You found it on level 9 of the Dungeon)
 C - a book of Changes
   (You found it on level 7 of the Dungeon)
 F - a book of Misfortune
   (You found it on level 3 of the Dungeon)
Comestibles
 b - 7 meat rations
 f - 4 royal jellies


   Skills:
 + Level 7.0 Fighting
 + Level 10.4 Dodging
 + Level 9.9 Stealth
 + Level 8.5 Unarmed Combat
 - Level 7.0 Spellcasting
 - Level 8.0 Hexes
 - Level 11.0 Summonings
 - Level 2.0 Transmutations
 + Level 9.1 Invocations


You had 8 spell levels left.
You knew the following spells:

 Your Spells              Type           Power        Failure   Level  Hunger
a - Confusing Touch       Hex            #####.       1%          1    None
b - Call Imp              Summ           ######..     1%          2    None
c - Call Canine Familiar  Summ           ######..     1%          3    None
d - Sticks to Snakes      Tmut           ###.....     5%          2    None
e - Summon Lightning Spi  Summ/Air       ####....     9%          4    ###....
f - Summon Ice Beast      Ice/Summ       ####....     9%          4    ###....
g - Summon Small Mammal   Summ           ####         1%          1    None


Dungeon Overview and Level Annotations

Branches:
Dungeon (11/15)            Temple (1/1) D:7            Lair (6/6) D:8
  Swamp (0/4) Lair:2       Spider (0/4) Lair:2        Slime (0/5) Lair:5
    Orc: D:9-12

Altars:
Ashenzari
Cheibriados
Dithmenos
Elyvilon
Fedhas
Gozag
Hepliaklqana
Kikubaaqudgha
Makhleb
Nemelex Xobeh
Okawaru
Qazlal
Ru
Sif Muna
Trog
Uskayaw
Vehumet
Wu Jian
Xom
Yredelemnul
Zin
The Shining One
Jiyva

Shops:
D:11 [*}*

Annotations:
D:4 exclusion: Sigmund, Natasha, Sigmund
D:5 exclusions: centaur and 2 downstairs
D:6 exclusion: downstairs, Dowan; Duvessa; ldierk's ghost, novice OgBe
D:7 exclusion: centaur
D:8 exclusion: two-headed ogre
D:9 exclusions: centaur and two-headed ogre
D:10 exclusions: downstairs and upstairs
Lair:2 exclusion: 2 downstairs
Lair:3 exclusions: electric eel and 6 more exclusions
Lair:6 1 runed door, exclusion: oklob plant


Innate Abilities, Weirdness & Mutations

You cannot wear armour.
You are incapable of wielding weapons or throwing items.
Your paws allow you to move quietly. (Stealth)
You have sharp claws.
You have razor-sharp teeth.
You have supernaturally acute eyesight. (SInv)
You are carnivorous and can eat meat at any time.
You cover ground quickly.
Your thick and shaggy fur keeps you warm. (AC +3, rC+)
You have a slow metabolism.
Your sharp claws are effective at attacking unaware monsters.


Message History

The blink frog misses you.
You scratch the blink frog but do no damage.
The blink frog misses you.
The blink frog completely misses the blink frog.
You scratch the blink frog but do no damage.
The blink frog appears confused.
The blink frog closely misses you.
You barely miss the blink frog.
The blink frog hits the blink frog.
You closely miss the blink frog. The blink frog closely misses you.
You barely miss the blink frog.
You catch the helpless blink frog completely off-guard!
You mangle the blink frog!! You bite the blink frog.
The blink frog hits the plant but does no damage.
You claw the blink frog!
You kill the blink frog!
Yredelemnul accepts your kill.
The blink frog seems less confused.
The blink frog completely misses you.
You see here a blink frog corpse.
You barely miss the blink frog. The blink frog barely misses you.
You scratch the blink frog. The blink frog closely misses you.
You scratch the blink frog but do no damage.
The blink frog misses you.
You scratch the blink frog. The blink frog hits you!
The blink frog blinks!
The blink frog completely misses you.
You scratch the blink frog. The blink frog completely misses you.
You closely miss the blink frog. The blink frog completely misses you.
You claw the blink frog!
You kill the blink frog!
Yredelemnul accepts your kill.
You see here a blink frog corpse.
You butcher the blink frog corpse.
z - 2 chunks of flesh You see here a blink frog corpse.
You butcher the blink frog corpse.
z - 5 chunks of flesh (gained 3)
You start resting.
Eating one of 5 chunks of flesh.
You eat one of the 5 chunks of flesh.
This raw flesh tastes great.
Eating one of 4 chunks of flesh.
You eat one of the 4 chunks of flesh.
This raw flesh tastes great.
Eating one of 3 chunks of flesh.
You eat one of the 3 chunks of flesh.
This raw flesh tastes great.
Eating one of 2 chunks of flesh.
You eat one of the 2 chunks of flesh.
This raw flesh tastes great.
Eating a chunk of flesh.
You eat the chunk of flesh.
This raw flesh tastes great.
You now have 929 gold pieces (gained 10).
You now have 937 gold pieces (gained 8).
You see here a bread ration.
c - 11 scrolls of teleportation (gained 1) Marking area around the oklob plant as unsafe for travelling.
An oklob plant comes into view.
A torpor snail comes into view.
Being near the torpor snail leaves you feeling lethargic.
You pounce on the unaware helpless torpor snail!
You eviscerate the torpor snail!!!
You kill the torpor snail!
Yredelemnul accepts your kill.
You feel yourself speed up.
A hornet comes into view.
A torpor snail comes into view.
Being near the torpor snail leaves you feeling lethargic.
A torpor snail comes into view.
The helpless hornet fails to defend itself.
You eviscerate the hornet!!!
You kill the hornet!
Yredelemnul accepts your kill.
Your Fighting skill increases to level 7!
You pounce on the unaware helpless torpor snail!
You eviscerate the torpor snail!!!!
You kill the torpor snail!
Yredelemnul accepts your kill.
You feel yourself speed up.
f - 4 royal jellies (gained 1)
A tyrant leech and a hornet come into view. 3 hornets come into view.
You pounce on the unaware helpless hornet!
You eviscerate the hornet!!!!
You kill the hornet!
Yredelemnul accepts your kill.
The hornet buzzes angrily. x2
The tyrant leech misses you. The hornet closely misses you. x2
The hornet stings you!
You are poisoned.
You feel yourself slow down. The hornet stings you!
You are more poisoned.
You suddenly lose the ability to move!
You feel sick. The hornet stings you.
You feel as though you will be slow longer.
The hornet stings you.
* * * LOW HITPOINT WARNING * * *
You are more poisoned.
You feel as though you will be slow longer.
The hornet stings you.
* * * LOW HITPOINT WARNING * * *
You feel as though you will be slow longer.
* * * LOW HITPOINT WARNING * * *
You feel very sick. The hornet stings you!!
You die...
Your body rises from the dead as a mindless zombie.

.P..#.## ##.P#
#...#.# #...#
#...####...#
##.P......#
####.......######
#.#......#.##...##
###.....#####.†w..#
##.....###


#[yyy# .....#..#### ###@.# ...###....P###...[# .### ##..........## #.#
#####....### ### ###### You could see a tyrant leech and 3 hornets.

Vanquished Creatures
  A hydra (Lair:6)
  A black mamba (Lair:4)
  2 torpor snails (Lair:6)
  A komodo dragon (Lair:5)
  2 hornets (Lair:6)
  7 blink frogs
  A hippogriff (Lair:6)
  2 basilisks
  A steam dragon (D:11)
  10 yaks
  2 water moccasins
  A porcupine (Lair:4)
  2 orc warriors (D:9)
  An ice beast (D:8)
  A blink frog zombie (Lair:5)
  2 crocodiles
  A centaur (D:5)
  2 elephant skeletons
  3 bullfrogs
  A yak zombie (Lair:6)
  A killer bee (D:7)
  A yak skeleton (Lair:6)
  A howler monkey (D:6)
  A vampire bat (D:6)
  A centaur zombie (D:8)
  A crimson imp (D:5)
  2 orc wizards
  A worker ant (D:8)
  An iguana (D:5)
  A howler monkey zombie (D:10)
  2 adders
  A shadow imp (D:6)
  An adder skeleton (D:6)
  5 orcs
  9 bats
  4 giant cockroaches
  6 hobgoblins
  A jackal (D:5)
  7 kobolds
  A quokka (D:5)
  A ball python (D:4)
  2 frilled lizards
  6 goblins
  A leopard gecko zombie (D:7)
  3 rats (D:3)
  3 rat zombies (D:4)
108 creatures vanquished.

Vanquished Creatures (collateral kills)
  Gastronok (Lair:1)
  Kirke (Lair:5)
  Nessos (Lair:4)
  5 hydras
  The ghost of skelma the Frost Mage, a journeyman GnIE of Sif Muna (D:10)
  3 death yaks
  An unseen horror (D:11)
  6 black mambas
  11 elephants
  12 komodo dragons
  5 spiny frogs
  A rime drake (Lair:3)
  3 polar bears
  A troll (D:10)
  A hornet (D:10)
  14 blink frogs
  24 dream sheep
  4 hippogriffs
  2 redbacks (Lair:2)
  Grum (D:10)
  21 yaks
  2 basilisks
  3 hogs (Lair:5)
  2 hungry ghosts
  14 water moccasins
  14 porcupines
  3 orc warriors
  An ice beast (D:8)
  2 phantoms
  2 necrophages (D:10)
  A blink frog zombie (Lair:5)
  4 ogres
  A boggart (D:4)
  4 centaurs
  12 wolves
  6 crocodiles
  5 big kobolds
  A komodo dragon zombie (Lair:3)
  13 bullfrogs
  2 scorpions
  8 killer bees
  A vampire bat (D:6)
  A crimson imp (D:8)
  3 bullfrog zombies
  2 centaur zombies (D:10)
  A quasit (D:5)
  3 orc priests
  9 orc wizards
  6 hounds
  A bullfrog skeleton (D:7)
  A centaur skeleton (D:5)
  9 worker ants
  An iguana (D:4)
  2 worker ant zombies
  17 adders
  A gnoll (D:1)
  2 river rats (Sewer)
  4 oozes
  An adder skeleton (D:5)
  6 worms
  3 dart slugs (D:1)
  3 leopard geckos
  38 orcs
  4 bats
  A bat zombie (D:4)
  7 giant cockroaches
  11 goblins
  7 hobgoblins
  5 jackals
  13 kobolds
  2 quokkas
  2 ball pythons (Sewer)
  4 frilled lizards
  A jackal zombie (D:4)
  7 rats
  5 fungi
  2 plants
  A withered plant (D:10)
406 creatures vanquished.

Vanquished Creatures (others)
  A hydra zombie (Lair:4)
  2 black mamba zombies
  4 flying skulls (Lair:6)
  A wraith (Lair:6)
  4 dream sheep zombies
  2 spiny frog zombies
  4 elephant zombies (Lair:5)
  4 blink frog zombies
  A blink frog skeleton (Lair:6)
  4 dream sheep skeletons (Lair:6)
  2 hippogriff zombies
  A komodo dragon zombie (Lair:1)
  4 water moccasin zombies
  7 yak zombies
  2 polar bear zombies
  A wight (Lair:5)
  3 wolf zombies
  A wolf skeleton (Lair:4)
  4 bullfrog zombies
  2 basilisk zombies (Lair:4)
  2 centaur zombies
  5 porcupine zombies
  A porcupine skeleton (Lair:4)
  A killer bee zombie (D:9)
  2 crocodile zombies
  3 mummies
  A gnoll zombie (D:10)
  2 kobold skeletons (D:9)
  7 orc zombies
  24 fungi
  19 plants
121 creatures vanquished.

Grand Total: 635 creatures vanquished

Notes
Turn   | Place    | Note
-------+----------+-------------------------------------------
     0 | D:1      | RKaid the Felid Summoner began the quest for the Orb.
     0 | D:1      | Reached XP level 1. HP: 7/7 MP: 4/4
   166 | D:1      | Reached skill level 3 in Stealth
   166 | D:1      | Reached XP level 2. HP: 11/11 MP: 1/6
   170 | D:1      | Learned a level 2 spell: Call Imp
   366 | D:1      | Reached skill level 3 in Dodging
  1292 | D:2      | Found an iron altar of Okawaru.
  1322 | D:2      | Reached XP level 3. HP: 14/14 MP: 4/7
  1701 | D:2      | Learned a level 3 spell: Call Canine Familiar
  2429 | D:2      | Reached XP level 4. HP: 18/18 MP: 8/8
  2705 | D:2      | Found a blossoming altar of Fedhas.
  2706 | D:2      | Found a bloodstained altar of Trog.
  3504 | D:3      | Found a snail-covered altar of Cheibriados.
  3505 | D:3      | Found a radiant altar of Vehumet.
  3684 | D:4      | Reached skill level 5 in Summonings
  3727 | D:4      | Reached skill level 4 in Stealth
  3756 | D:4      | Reached XP level 5. HP: 14/21 MP: 5/10
  3766 | D:4      | Noticed Sigmund
  3799 | D:4      | Found an ancient bone altar of Kikubaaqudgha.
  3910 | D:4      | Found a glowing drain.
  3921 | D:4      | Reached skill level 4 in Dodging
  3946 | D:4      | Noticed a boggart
  3946 | D:4      | a hound changed into a boggart
  3993 | D:4      | Noticed an ogre
  4061 | D:4      | Noticed an ogre
  4111 | Sewer    | Entered a sewer
  4125 | Sewer    | HP: 3/21 [river rat (9)]
  4489 | Sewer    | Reached skill level 3 in Spellcasting
  4720 | Sewer    | Gained mutation: You are covered in thick fur. (AC +2) [Felid growth]
  4720 | Sewer    | Reached XP level 6. HP: 24/24 MP: 7/11
  5158 | D:4      | Reached skill level 5 in Stealth
  5308 | D:4      | Reached skill level 6 in Summonings
  5493 | D:4      | Reached skill level 5 in Dodging
  5603 | D:4      | Reached XP level 7. HP: 27/27 MP: 7/13
  5721 | D:4      | Noticed Natasha
  5738 | D:4      | HP: 6/27 [Natasha (8)]
  5977 | D:5      | Entered Level 5 of the Dungeon
  6285 | D:5      | Found a shattered altar of Ashenzari.
  6409 | D:5      | Reached skill level 1 in Unarmed Combat
  6417 | D:5      | Reached skill level 6 in Stealth
  6834 | D:5      | Reached skill level 7 in Summonings
  7190 | D:6      | Noticed ldierk's ghost (novice OgBe)
  7333 | D:6      | Found the +4 Vampire's Tooth {vamp}
  7698 | D:6      | Reached XP level 8. HP: 22/31 MP: 9/14
  7886 | D:6      | Noticed Duvessa
  7886 | D:6      | Noticed Dowan
  7920 | D:6      | Learned a level 1 spell: Confusing Touch
  7981 | D:6      | Reached skill level 2 in Unarmed Combat
  8103 | D:6      | Reached skill level 6 in Dodging
  8237 | D:7      | Reached skill level 1 in Hexes
  8501 | D:7      | Found a flagged portal.
  8529 | Bailey   | Entered a bailey
  9087 | Bailey   | Noticed Yermak's ghost (novice GnWr)
  9088 | Bailey   | Noticed an orc knight
  9112 | Bailey   | Noticed an orc knight
  9299 | D:7      | Found a staircase to the Ecumenical Temple.
  9343 | Temple   | Entered the Ecumenical Temple
  9367 | Temple   | Became a worshipper of Yredelemnul the Dark
  9449 | D:7      | Learned a level 2 spell: Sticks to Snakes
 10335 | D:6      | HP: 3/31 [killer bee (9)]
 10338 | D:6      | RKaid: @??killer bee
 10338 | D:6      | beem: killer bee (y)
                  | Spd:
    20 | HD: 3    | HP: 12-19
                  | AC/EV: 2/18
                  | Dam: 10(poison:6-12)
                  | fly
                  | Res: magic(10)
                  | Vul: poison
                  | Chunks: noxious
                  | XP:
    62 | Sz: tiny | Int: animal.
 10361 | D:6      | Slain by a killer bee
 10362 | D:6      | Reached XP level 7. HP: 0/27 MP: 4/13
 10362 | D:6      | Upgraded the game from 0.21-a0-346-g330ab2c to 0.21-a0-348-ga060c75
 10528 | D:7      | Reached skill level 2 in Hexes
 10838 | D:7      | HP: 6/27 [poisoned by a killer bee]
 10848 | D:7      | Reached skill level 1 in Transmutations
 11464 | D:8      | Noticed a two-headed ogre
 11489 | D:8      | Reached skill level 8 in Summonings
 11709 | D:8      | Reached skill level 2 in Transmutations
 11927 | D:8      | HP: 6/27 [centaur/arrow (13)]
 11928 | D:8      | Shot with an arrow by a centaur
 11929 | D:8      | Reached XP level 6. HP: -3/24 MP: 6/12
 11957 | D:8      | Noticed an ice beast
 12191 | D:7      | Reached skill level 7 in Dodging
 12191 | D:7      | Reached XP level 7. HP: 20/27 MP: 4/13
 12275 | D:8      | Noticed a hungry ghost
 12599 | D:8      | Found a staircase to the Lair.
 12663 | D:8      | Reached * piety under Yredelemnul
 12899 | D:8      | Killed a hungry ghost
 13032 | D:8      | Reached skill level 9 in Summonings
 13559 | D:8      | Learned a level 4 spell: Summon Lightning Spire
 13710 | D:9      | Reached XP level 8. HP: 31/31 MP: 5/14
 13974 | D:9      | Reached skill level 8 in Dodging
 14619 | D:9      | Reached skill level 4 in Spellcasting
 14954 | D:9      | Noticed a two-headed ogre
 15306 | D:9      | Reached skill level 1 in Fighting
 15306 | D:9      | Reached skill level 1 in Invocations
 15509 | D:10     | Entered Level 10 of the Dungeon
 15588 | D:9      | Reached ** piety under Yredelemnul
 15620 | D:10     | Noticed a hornet
 15626 | D:10     | Killed a hornet
 15630 | D:10     | Noticed Grum
 15652 | D:10     | Killed Grum
 15804 | D:9      | Noticed a komodo dragon
 15821 | D:9      | Killed a komodo dragon
 15821 | D:9      | Reached skill level 2 in Fighting
 15821 | D:9      | Reached skill level 2 in Invocations
 15821 | D:9      | Reached XP level 9. HP: 36/36 MP: 8/16
 15826 | D:9      | Noticed a cyclops
 15827 | D:9      | Noticed a tengu conjurer
 15909 | D:10     | Found a burning altar of Makhleb.
 15938 | D:10     | Reached skill level 10 in Summonings
 16139 | D:10     | Reached skill level 5 in Spellcasting
 16139 | D:10     | Reached skill level 3 in Fighting
 16139 | D:10     | Reached skill level 3 in Invocations
 16254 | D:10     | Noticed skelma's ghost (journeyman GnIE)
 16276 | D:10     | HP: 2/37 [skelma's ghost/fireball (35)]
 16289 | D:10     | Your ally Grum died
 16883 | D:10     | Noticed a troll
 16967 | D:10     | Killed a troll
 17116 | D:10     | Killed skelma's ghost
 17635 | D:11     | Noticed a two-headed ogre
 17693 | D:11     | Noticed an unseen horror
 17712 | D:11     | Killed an unseen horror
 17840 | D:11     | Found Burearyeri's Gadget Emporium.
 17843 | D:11     | Found Ywerunast's Assorted Antiques.
 17853 | D:11     | Found Potrac's Antique Armour Emporium.
 17909 | D:11     | Found Nolunt's General Store.
 17938 | D:11     | Bought a scroll of identify for 30 gold pieces
 18109 | D:10     | Reached XP level 10. HP: 21/42 MP: 10/19
 18444 | Lair:1   | Entered Level 1 of the Lair of Beasts
 18890 | Lair:1   | Reached skill level 11 in Summonings
 18898 | Lair:1   | Reached skill level 4 in Fighting
 18898 | Lair:1   | Reached skill level 4 in Invocations
 18979 | Lair:1   | Reached skill level 7 in Stealth
 18990 | Lair:1   | Reached *** piety under Yredelemnul
 19090 | Lair:1   | Noticed Gastronok
 19122 | Lair:1   | RKaid: @??gastronok
 19122 | Lair:1   | beem: Gastronok (w)
                  | Spd:
     5 | HD: 20   | HP: 125-171
                  | AC/EV: 3/1
                  | Dam: 40
                  | items, doors, amphibious, spellcaster, see invisible
                  | Res: magic(80), drown
                  | Chunks: noxious
                  | XP: 2231
                  | Sp: cantrip, airstrike (0-50), sum.small mammal, slow, sprint
                  | Sz: Big
                  | Int: human.
 19229 | Lair:1   | Killed Gastronok
 19229 | Lair:1   | Reached skill level 6 in Spellcasting
 19384 | Lair:1   | Reached skill level 8 in Stealth
 19586 | Lair:1   | Reached skill level 5 in Fighting
 19586 | Lair:1   | Reached skill level 5 in Invocations
 20323 | Lair:2   | RKaid: ??call canine
 20323 | Lair:2   | beem: call canine familiar[1/1]: Summons a single adorable puppy. Depending on power, you can get a hound, a wolf, or a warg (no more jackals!).
 20392 | Lair:2   | Found a hole to the Spider Nest.
 20415 | Lair:2   | Found a staircase to the Swamp.
 21451 | Lair:3   | Noticed a five-headed hydra
 21516 | Lair:3   | Learned a level 4 spell: Summon Ice Beast
 21643 | Lair:3   | Noticed a black mamba
 22057 | Lair:3   | Reached skill level 3 in Hexes
 22082 | Lair:3   | RKaid: @??komodo dragon
 22082 | Lair:3   | beem: komodo dragon (l)
                  | Spd: 10 (swim: 60%)
                  | HD: 8
                  | HP: 33-52
                  | AC/EV: 7/8
                  | Dam: 34
                  | amphibious, cold-blooded
                  | Res: magic(40), drown
                  | XP:
   360 | Sz: Large | Int: animal.
 22592 | Lair:3   | RKaid: @??hydra
 22592 | Lair:3   | beem: hydra (D)
                  | Spd: 10 (swim: 60%)
                  | HD: 13
                  | HP: 60-83
                  | AC/EV: 0/5
                  | Dam: 18 per head
                  | amphibious, cold-blooded, regen
                  | Res: magic(60), poison, drown
                  | Chunks: noxious
                  | XP:
   975 | Sz: Big  | Int: animal.
 22629 | Lair:3   | Killed a five-headed hydra
 22629 | Lair:3   | Reached skill level 3 in Unarmed Combat
 22629 | Lair:3   | Reached skill level 4 in Hexes
 22629 | Lair:3   | Reached XP level 11. HP: 47/47 MP: 3/21
 22814 | Lair:3   | Reached skill level 6 in Invocations
 22815 | Lair:3   | Received a gift from Yredelemnul (a mummy)
 23121 | Lair:4   | Noticed a four-headed hydra
 23147 | Lair:4   | Killed a four-headed hydra
 23430 | Lair:4   | Reached skill level 5 in Hexes
 23526 | Lair:4   | Noticed a seven-headed hydra
 23543 | Lair:4   | Killed a seven-headed hydra
 23543 | Lair:4   | Reached skill level 4 in Unarmed Combat
 23698 | Lair:4   | Noticed Nessos
 23703 | Lair:4   | Upgraded the game from 0.21-a0-348-ga060c75 to 0.21-a0-349-g0c35859
 24030 | Lair:4   | Received a gift from Yredelemnul (a mummy)
 24098 | Lair:4   | Killed Nessos
 24098 | Lair:4   | Reached skill level 6 in Hexes
 24344 | Lair:4   | Reached skill level 7 in Invocations
 24493 | Lair:4   | Noticed a five-headed hydra
 24499 | Lair:4   | Your ally Nessos died
 24512 | Lair:4   | Killed a five-headed hydra
 24515 | Lair:4   | Reached skill level 5 in Unarmed Combat
 24798 | Lair:4   | HP: 6/47 [black mamba (13)]
 24802 | Lair:4   | Reached skill level 7 in Hexes
 24807 | Lair:4   | HP: 11/47 [poisoned by a black mamba]
 24813 | Lair:4   | HP: 7/47 [poisoned by a black mamba]
 24819 | Lair:4   | HP: 4/47 [poisoned by a black mamba]
 24824 | Lair:4   | HP: 3/47 [poisoned by a black mamba]
 24831 | Lair:4   | HP: 2/47 [poisoned by a black mamba]
 24839 | Lair:4   | HP: 1/47 [poisoned by a black mamba]
 25201 | Lair:5   | Noticed Kirke
 25722 | Lair:5   | Reached skill level 8 in Hexes
 25806 | Lair:5   | Reached skill level 6 in Unarmed Combat
 25825 | Lair:5   | Noticed a five-headed hydra
 25830 | Lair:5   | Killed a five-headed hydra
 25871 | Lair:5   | Received a gift from Yredelemnul (a mummy)
 25886 | Lair:5   | Killed Kirke
 25886 | Lair:5   | Reached skill level 9 in Stealth
 25886 | Lair:5   | Reached skill level 8 in Invocations
 25886 | Lair:5   | Gained mutation: Your thick and shaggy fur keeps you warm. (AC +3, rC+) [Felid growth]
 25886 | Lair:5   | Reached XP level 12. HP: 48/51 MP: 11/22
 26184 | Lair:5   | Found a viscous altar of Jiyva.
 26184 | Lair:5   | Found a staircase to the Slime Pits.
 26213 | Lair:5   | Received a gift from Yredelemnul (a wight)
 26228 | Lair:5   | Reached skill level 9 in Dodging
 26672 | Lair:6   | Entered Level 6 of the Lair of Beasts
 27107 | Lair:6   | Noticed a six-headed hydra
 27411 | Lair:6   | Reached skill level 7 in Unarmed Combat
 27426 | Lair:6   | Received a gift from Yredelemnul (a wraith)
 27428 | Lair:6   | Reached skill level 7 in Spellcasting
 27577 | Lair:6   | Killed a six-headed hydra
 27577 | Lair:6   | Reached skill level 6 in Fighting
 27808 | Lair:5   | HP: 13/52 [dream sheep (3)]
 27809 | Lair:5   | Slain by a blink frog
 27810 | Lair:5   | Reached XP level 11. HP: -4/48 MP: 1/22
 27812 | Lair:5   | Reached **** piety under Yredelemnul
 28040 | Lair:6   | Received a gift from Yredelemnul (4 flying skulls)
 28074 | Lair:6   | Reached skill level 8 in Unarmed Combat
 28314 | Lair:6   | Reached skill level 10 in Dodging
 28753 | Lair:6   | Upgraded the game from 0.21-a0-349-g0c35859 to 0.21-a0-372-gd0ff781
 28774 | Lair:6   | Noticed a death yak
 28775 | Lair:6   | Noticed a death yak
 28781 | Lair:6   | Noticed a death yak
 28840 | Lair:6   | Killed a death yak
 28840 | Lair:6   | Reached skill level 9 in Invocations
 29009 | Lair:5   | Killed a death yak
 29009 | Lair:5   | Reached XP level 12. HP: 33/53 MP: 21/23
 29137 | Lair:5   | Reached ***** piety under Yredelemnul
 29279 | Lair:5   | Killed a death yak
 29696 | Lair:6   | Found a runed door.
 29729 | Lair:6   | Reached skill level 7 in Fighting
 29753 | Lair:6   | Paralysed by a hornet for 3 turns
 29754 | Lair:6   | HP: 11/54 [hornet (4)]
 29755 | Lair:6   | Mangled by a hornet

Vault maps used:
D:1:      erik_arrival_cave_to_civilisation, roderic_roman_lattice
D:2:      gammafunk_temple_overflow_statue, okawaru_trees_2
D:3:      gammafunk_temple_overflow_pools
D:4:      lemuel_zombie_altar_kikubaaqudgha, gup_sewer_entry_glass,
          enter_ossuary_3, uniq_natasha, uniq_sigmund
D:5:      nicolae_ashenzari_panopticon, first_bread
D:6:      minmay_guarded_unrand_vampires_tooth, uniq_duvessa
D:7:      minmay_temple_entry_statues_fountains, enter_bailey_3,
          roderic_lattice_a
D:8:      lair_entry_dummy, blue_anna_alchemist
D:9:      cheibrodos_elevator_heist
D:10:     serial_undead, serial_undead_b, serial_undead_f, serial_undead_c,
          serial_undead_c, bloody_makhleb, uniq_grum
D:11:     hiddenorc2_lemuel, minmay_shop_grid_forest
Temple:   lightli_temple_of_artemis
Lair:1:   uniq_gastronok
Lair:2:   swamp_mist, spider_nest_entry_a
Lair:3:   beast_lair_carwin_4, infiniplex_staircase_pool
Lair:4:   serial_bayou_shore_b, uniq_nessos
Lair:5:   slime_altar_1, st_stairs_12, uniq_kirke
Lair:6:   wormcave, grunt_megastairs_4
Sewer:    sewer_co_15_rooms
Bailey:   bailey_polearm_1, bailey

Skill      XL: |  1  2  3  4  5  6  7  8  9 10 11 12 |
---------------+-------------------------------------+-----
Stealth        | 3 4 5 6 8 9 |  9.9
Dodging        | 3 4 7 8 10 9 | 10.4
Summonings     | 5 6 9 10 11 | 11.0
Spellcasting   | 3 4 5 6 7 |  7.0
Unarmed Combat | 1 2 3 8 7 |  8.5
Hexes          | 2 1 4 8 |  8.0
Transmutations | 2 |  2.0
Fighting       | 2 3 5 7 |  7.0
Invocations    | 2 3 5 9 |  9.1

Action                   |  1- 3 |  4- 6 |  7- 9 | 10-12 || total
-------------------------+-------+-------+-------+-------++-------
Melee: Unarmed           |    57 |   131 |   245 |   235 ||   668
       Bite              |     5 |     6 |    26 |    34 ||    71
       Punch             |       |       |     1 |    10 ||    11
 Cast: Summon Small Mamm |    29 |     6 |       |       ||    35
       Call Imp          |    14 |    25 |   102 |    17 ||   158
       Call Canine Famil |     3 |    37 |    71 |    44 ||   155
       Confusing Touch   |       |       |    24 |    68 ||    92
       Sticks to Snakes  |       |       |    19 |     1 ||    20
       Summon Lightning  |       |       |    21 |    50 ||    71
       Summon Ice Beast  |       |       |       |    25 ||    25
Invok: Animate Remains   |       |       |    18 |     1 ||    19
       Recall Undead Sla |       |       |     2 |     2 ||     4
       Animate Dead      |       |       |       |    46 ||    46
Evoke: Wand              |       |     2 |     9 |     7 ||    18
  Use: Scroll            |       |     6 |    13 |    12 ||    31
       Potion            |       |       |     4 |     7 ||    11
 Stab: Sleeping          |     4 |    10 |    13 |     6 ||    33
       Distracted        |       |     2 |     8 |     6 ||    16
       Confused          |       |       |     5 |    19 ||    24
  Eat: Chunk             |    12 |    10 |    44 |    52 ||   118
       Royal jelly       |       |       |       |     3 ||     3
Armor: Skin              |     4 |     9 |    23 |     2 ||    38
Dodge: Dodged            |    49 |   184 |   349 |   259 ||   841
Block: Other             |       |       |     2 |    19 ||    21
       Reflection        |       |       |     1 |     1 ||     2

Table legend:
 A = Spawn XP
 B = Non-spawn XP
 C = Spawn XP percentage of total XP
 D = Spawn monster count
 E = Non-spawn monster count
 F = Spawn count percentage of total count
 G = Total turns spent on level
                    A         B        C        D         E        F      G
               +---------+---------+-------+---------+---------+-------+---------
         Total |       0 |   39231 |   0.0 |       0 |     499 |   0.0 | 29755
               +---------+---------+-------+---------+---------+-------+---------
           D:1 |       0 |      36 |   0.0 |       0 |      23 |   0.0 |  1322
           D:2 |       0 |      74 |   0.0 |       0 |      35 |   0.0 |  1426
           D:3 |       0 |      50 |   0.0 |       0 |      24 |   0.0 |   932
           D:4 |       0 |     471 |   0.0 |       0 |      34 |   0.0 |  1382
           D:5 |       0 |     522 |   0.0 |       0 |      23 |   0.0 |  1997
           D:6 |       0 |     147 |   0.0 |       0 |      14 |   0.0 |  1002
           D:7 |       0 |     531 |   0.0 |       0 |      24 |   0.0 |  2277
           D:8 |       0 |     836 |   0.0 |       0 |      23 |   0.0 |  2060
           D:9 |       0 |    1004 |   0.0 |       0 |      29 |   0.0 |  2081
          D:10 |       0 |    2601 |   0.0 |       0 |      37 |   0.0 |  2229
          D:11 |       0 |     577 |   0.0 |       0 |       8 |   0.0 |   200
        Lair:1 |       0 |    2773 |   0.0 |       0 |      19 |   0.0 |  1504
        Lair:2 |       0 |    1020 |   0.0 |       0 |      13 |   0.0 |  1451
        Lair:3 |       0 |    2345 |   0.0 |       0 |      16 |   0.0 |  1623
        Lair:4 |       0 |    4764 |   0.0 |       0 |      25 |   0.0 |  2156
        Lair:5 |       0 |   11211 |   0.0 |       0 |      58 |   0.0 |  3002
        Lair:6 |       0 |   10006 |   0.0 |       0 |      61 |   0.0 |  1484
         Sewer |       0 |     169 |   0.0 |       0 |      19 |   0.0 |   915
        Bailey |       0 |      94 |   0.0 |       0 |      14 |   0.0 |   673
               +---------+---------+-------+---------+---------+-------+---------

Table legend:
 A = Turns spent in this place as a percentage of turns spent in the entire game.
 B = Non-inter-level travel turns spent in this place as a percentage of non-inter-level travel turns spent in the entire game.
 C = Inter-level travel turns spent in this place as a percentage of turns spent in this place.
 D = Turns resting spent in this place as a percentage of non-inter-level travel turns spent in this place.
 E = Turns spent auto-exploring this place as a percentage of non-inter-level travel turns spent in this place.
 F = Non-inter-level travel turns spent in this place divided by the number of levels of this place that you've seen.
                   A       B       C       D       E      F
               +-------+-------+-------+-------+-------+----------------------
         Total | 100.0 | 100.0 |   4.6 |  35.0 |  29.0 | 1419.8
       Dungeon |  56.8 |  56.2 |   5.7 |  31.4 |  31.4 | 1449.5
        Temple |   0.1 |   0.1 |  33.3 |   0.0 |   0.0 |  26.0
          Lair |  37.7 |  38.2 |   3.4 |  40.8 |  28.8 | 1806.0
         Sewer |   3.1 |   3.2 |   0.0 |  44.3 |  12.8 | 915.0
        Bailey |   2.3 |   2.4 |   0.0 |  13.7 |   0.0 | 673.0
               +-------+-------+-------+-------+-------+----------------------

Table legend:
 A = Kills in this place as a percentage of kills in entire the game.
 B = Kills by you in this place as a percentage of kills by you in the entire game.
 C = Kills by friends in this place as a percentage of kills by friends in the entire game.
 D = Other kills in this place as a percentage of other kills in the entire game.
 E = Experience gained in this place as a percentage of experience gained in the entire game.
 F = Experience gained in this place divided by the number of levels of this place that you have seen.
                   A       B       C       D       E      F
               +-------+-------+-------+-------+-------+----------------------
         Total | 100.0 | 100.0 | 100.0 | 100.0 | 100.0 | 1961.6
       Dungeon |  54.9 |  68.3 |  51.5 |  50.0 |  17.5 | 622.6
          Lair |  38.5 |  30.7 |  40.4 |  50.0 |  81.9 | 5353.2
         Sewer |   3.8 |   1.0 |   4.5 |   0.0 |   0.4 | 169.0
        Bailey |   2.8 |   0.0 |   3.5 |   0.0 |   0.2 |  94.0
               +-------+-------+-------+-------+-------+----------------------
